 Dungeon Crawl Stone Soup version 0.30.1-9-gdf580d7c3d (webtiles) character file.

Game seed: 537886382095983231

244 booth the Chopper (level 5, -1/41 HPs)
             Began as a Demonspawn Gladiator on Oct 18, 2023.
             Slain by Eustachio
             ... wielding a +0 falchion
              (7 damage)
             ... on level 4 of the Dungeon.
             The game lasted 00:14:27 (2794 turns).

booth the Chopper (Demonspawn Gladiator)            Turns: 2794, Time: 00:14:27

Health: -1/41      AC:  2    Str: 16    XL:     5   Next: 83%
Magic:  5/5        EV: 13    Int: 10    God:
Gold:   190        SH:  0    Dex: 14    Spells: 4/4 levels left

rFire   + . .        a - +0 war axe
rCold   . . .        (no shield)
rNeg    . . .        b - +0 leather armour
rPois   +            c - +0 helmet
rElec   .            (no cloak)
rCorr   .            (no gloves)
SInv    .            (no boots)
Will    .....        (no amulet)
Stlth   +            g - ring of poison resistance
HPRegen 0.26/turn    (no ring)
MPRegen 0.09/turn

%: no passive effects
@: no status effects
A: powered by death 1, deformed body, fire resistance 1, devolution 1
a: no special abilities


You were on level 4 of the Dungeon.
You visited 1 branch of the dungeon, and saw 4 of its levels.

You collected 190 gold pieces.

Inventory:

Hand Weapons
 a - a +0 war axe (weapon)
Missiles
 d - 2 throwing nets (quivered)
Armour
 b - a +0 leather armour (worn)
 c - a +0 helmet (worn)
 j - a +0 ring mail
Jewellery
 g - a ring of poison resistance (left hand)
Scrolls
 f - 2 scrolls of amnesia
 i - a scroll of fear {unknown}
 k - a scroll of teleportation
 l - a scroll of silence
 m - a scroll of magic mapping {unknown}
 n - a scroll of brand weapon {unknown}
 o - a scroll of vulnerability {unknown}
Potions
 h - a potion of heal wounds


   Skills:
 + Level 3.2 Fighting
 * Level 4.2 Axes
 + Level 2.9 Throwing
 + Level 3.6 Dodging


You had 4 spell levels left.
You didn't know any spells.
Your spell library contained the following spells:

 Spells                   Type           Power      Damage    Failure   Level
 Ensorcelled Hibernation  Hex/Ice        0%         N/A       56%         2
 Spider Form              Tmut/Pois      0%         N/A       80%         3
 Anguish                  Hex/Necr       0%         N/A       99%         4


Dungeon Overview and Level Annotations

Branches:
Dungeon (4/15)             Temple (0/1) D:4

Altars:
Uskayaw
Vehumet

Annotations:
D:4 Eustachio


Innate Abilities, Weirdness & Mutations

You regenerate a little health from kills.
Armour fits poorly on your strangely shaped body.
Your flesh is heat resistant. (rF+)
You have hidden genetic defects.


Message History

You feel a genetic drift.
Your body twists and deforms.
Found a stone staircase leading up.
Found a shiny orb.
You see here an orb of energy.
Eustachio the Magnificent comes into view.
He is wielding a +0 falchion.
Found a staircase to the Ecumenical Temple.
Throw: javelin
Press: ? - help, Q - select action, (/) - cycle Shift-Dir - straight line, f - Eustachio
Aim: Eustachio, wielding a +0 falchion and wearing a +0 leather armour (50% to hit)
You throw a javelin. The javelin closely misses Eustachio.
Eustachio mumbles some strange words.
Eustachio blinks!
Eustachio gestures wildly while chanting.
Eustachio blinks!
There is a fountain of clear blue water here.
Eustachio attacks as you move away! Eustachio hits you with a +0 falchion.
You see here a javelin.
e - a javelin Eustachio misses you.
Throw: javelin
Press: ? - help, Q - select action, (/) - cycle Shift-Dir - straight line, f/p - Eustachio
Aim: Eustachio, wielding a +0 falchion and wearing a +0 leather armour (50% to hit)
You throw a javelin. The javelin closely misses Eustachio.
Eustachio misses you. Eustachio hits you with a +0 falchion.
You hit Eustachio.
Eustachio is lightly wounded.
Eustachio closely misses you.
You hit Eustachio.
Eustachio is lightly wounded.
Eustachio mumbles some strange words.
You closely miss Eustachio.
Eustachio is lightly wounded.
You closely miss the iron imp.
Eustachio hits you with a +0 falchion! x2
The iron imp hits you!
* * * LOW HITPOINT WARNING * * *
You hit Eustachio.
Eustachio is lightly wounded.
You closely miss the iron imp. Eustachio hits you with a +0 falchion!
You die...

.... #... #..###
#....##### +.........
####### #.[..#
#8...8##### #....# .
..#.....#...###....# .
⌠....>.@@.⌠...(....#
..#...5.#...###....####.
#8...8##### ####......
## ### ####### #......
.. ..# #>.#
########...... ##### #.#
#.## #........####.
....# #.# #.####
#........# ###.# #.#
#(...# #........# #.#
#.# ####.# #........#


You could see Eustachio and an iron imp (summoned).

Vanquished Creatures
  A bullfrog (D:4)
  An orc priest (D:2)
  4 gnolls
  4 adders
  2 dart slugs
  7 orcs
  11 ball pythons
  6 bats
  7 endoplasms
  5 goblins
  4 hobgoblins
  2 jackals (D:1)
  2 quokkas
  3 frilled lizards (D:2)
  4 kobolds
  A rat (D:2)
64 creatures vanquished.

Notes
Turn   | Place    | Note
-------+----------+-------------------------------------------
     0 | D:1      | booth the Demonspawn Gladiator began the quest for the Orb.
     0 | D:1      | Reached XP level 1. HP: 16/16 MP: 1/1
    71 | D:1      | Gained mutation: You regenerate a little health from kills.
                  | [demonic ancestry]
    71 | D:1      | Reached XP level 2. HP: 5/22 MP: 2/2
   418 | D:1      | Reached skill level 3 in Axes
   551 | D:1      | Reached XP level 3. HP: 26/28 MP: 3/3
  1428 | D:2      | Reached XP level 4. HP: 28/34 MP: 4/4
  1518 | D:2      | Found a radiant altar of Vehumet.
  2117 | D:3      | Gained mutation: Potions are less effective at restoring
                  | your health. [potion of mutation]
  2117 | D:3      | Gained mutation: Your flesh is heat resistant. (rF+)
                  | [potion of mutation]
  2124 | D:3      | Reached XP level 5. HP: 18/40 MP: 5/5
  2462 | D:3      | Found a hide-covered altar of Uskayaw.
  2462 | D:3      | Noticed a +0 short sword
  2462 | D:3      | Noticed a +0 dagger
  2462 | D:3      | Noticed a +0 spear
  2463 | D:3      | Noticed a +0 falchion
  2463 | D:3      | Noticed a +0 falchion
  2464 | D:3      | Noticed a +0 short sword
  2465 | D:3      | Noticed a +0 spear
  2465 | D:3      | Noticed a +0 dagger
  2677 | D:4      | Lost mutation: Your flesh is heat resistant. (rF+) [potion
                  | of mutation]
  2677 | D:4      | Lost mutation: Potions are less effective at restoring your
                  | health. [potion of mutation]
  2677 | D:4      | Gained mutation: You have hidden genetic defects. [potion
                  | of mutation]
  2677 | D:4      | Gained mutation: Your flesh is heat resistant. (rF+)
                  | [potion of mutation]
  2730 | D:4      | Reached skill level 4 in Axes
  2749 | D:4      | Gained mutation: Armour fits poorly on your strangely
                  | shaped body. [hidden defects]
  2777 | D:4      | Noticed Eustachio
  2778 | D:4      | Found a staircase to the Ecumenical Temple.
  2794 | D:4      | Slain by Eustachio

Illustrated notes

Levels and vault maps discovered:
D:1:      scummos_arrival_simple_crosswalls, layout_basic, supply_closet_lemuel,
          minmay_misc_feat_doors, kennysheep_flooded_box,
          minmay_misc_feat_tower, nicolae_grassy_gnolls
D:2:      layout_rooms, basic_altar, minmay_octomino_c4
D:3:      layout_loops_cross, nicolae_uskayaw_en_pointe,
          minmay_misc_feat_pillars
D:4:      layout_basic, nzn_wu_jian_contemplation,
          grunt_temple_overflow_lords_of_destruction,
          minmay_temple_entry_antechambers, serial_shops, shop, uniq_eustachio

Skill      XL: |  1  2  3  4  5 |
---------------+----------------+-----
Throwing       | 2 |  2.9
Axes           | 3 4 |  4.2
Dodging        | 3 |  3.6
Fighting       | 3 |  3.2

Action                     |  1- 3 |  4- 6 || total
---------------------------+-------+-------++-------
  Melee: War axe           |   109 |    86 ||   195
         Punch             |     1 |       ||     1
  Throw: Javelin           |     3 |     4 ||     7
         Throwing net      |     1 |     2 ||     3
    Use: Scroll            |     2 |     3 ||     5
         Potion            |     1 |     4 ||     5
   Stab: Sleeping          |     1 |       ||     1
 Armour: Leather armour    |    47 |    14 ||    61
  Dodge: Dodged            |    97 |    64 ||   161
